 Dungeon Crawl Stone Soup version 0.17.1-1-g73c8601 (console) character file.

431 Kloppie the Skirmisher (level 6, -8/58 HPs)
             Began as a Hill Orc Fighter on Dec 12, 2015.
             Mangled by an ogre
             ... wielding a cursed -3 giant club
              (21 damage)
             ... on level 4 of the Dungeon.
             The game lasted 00:03:50 (2542 turns).

Kloppie the Skirmisher (Hill Orc Fighter)           Turns: 2542, Time: 00:03:50

Health: -8/58      AC:  9    Str: 19    XL:     6   Next: 99%
Magic:  6/6        EV:  7    Int:  8    God:
Gold:   232        SH:  9    Dex: 12    Spells: 0 memorised, 5 levels left

rFire  . . .     SeeInvis .     a - +0 war axe
rCold  . . .     Clarity  .     b - +0 scale mail
rNeg   . . .     SustAt   .     c - +0 shield
rPois  .         Gourm    .     k - +0 helmet
rElec  .         Spirit   .     (no cloak)
rCorr  .         Warding  .     v - +0 pair of gloves
rMut   .         Stasis   .     (no boots)
MR     .....                    (no amulet)
Stlth  ..........               (no ring)
                                (no ring)

@: not resistant to hostile enchantments, extremely unstealthy
A: no striking features
a: no special abilities


You were on level 4 of the Dungeon.
You were hungry.

You visited 1 branch of the dungeon, and saw 4 of its levels.

You collected 232 gold pieces.

Inventory:

Hand Weapons
 a - a +0 war axe (weapon)
Armour
 b - a +0 scale mail (worn)
 c - a +0 shield (worn)
 k - a +0 helmet (worn)
 r - a +0 plate armour
 v - a +0 pair of gloves (worn)
 D - a +3 chain mail
Jewellery
 q - a cursed +5 ring of strength {unknown}
Scrolls
 d - 2 scrolls of amnesia {unknown}
 h - a scroll of random uselessness {unknown}
 i - 4 scrolls of identify {unknown}
 l - 2 scrolls of remove curse {unknown}
 m - a scroll of enchant armour {unknown}
 s - a scroll of fog {unknown}
 u - 3 scrolls of teleportation {unknown}
 y - a scroll of magic mapping {unknown}
Potions
 f - a potion of heal wounds {unknown}
 g - 2 potions of brilliance {unknown}
 j - 2 potions of haste {unknown}
 p - a potion of cancellation {unknown}
 t - 2 potions of curing {unknown}
 x - a potion of lignification {unknown}
 z - a potion of ambrosia {unknown}
 A - a potion of resistance {unknown}
 B - a potion of mutation {unknown}
Comestibles
 e - a bread ration
 n - 2 meat rations
 o - a royal jelly
 w - 3 fruits
 C - 2 beef jerkies


   Skills:
 + Level 6.9 Fighting
 + Level 6.9 Axes
 - Level 3.2 Armour
 - Level 3.2 Shields


You had 5 spell levels left.
You didn't know any spells.

Dungeon Overview and Level Annotations

Branches:
Dungeon (4/15)
 Temple: D:4-7

Altars:
Kikubaaqudgha
Makhleb
Trog


Message History

The ogre is moderately wounded.
The ogre hits you with a giant club.
Your shield prevents you from hitting the ogre.
The ogre is moderately wounded.
The ogre hits you with a giant club!!
* * * LOW HITPOINT WARNING * * *
You are too injured to fight recklessly!
You are too injured to fight recklessly!
You are too injured to fight recklessly!
You completely miss the ogre.
The ogre is moderately wounded.
The ogre hits you with a giant club!
* * * LOW HITPOINT WARNING * * *
You slash the ogre!
The ogre is almost dead.
You block the ogre's attack.
You barely miss the ogre.
The ogre is almost dead.
The ogre hits you with a giant club!!
You die...

##. #########.
#......... #.........
#......... #.........
########.........
########................
......O@..#####........#
########......##...#.###
#...##.##.#.#.# # #...#
#.#.#.# #...# #.#.#.#
#<..# ....#.# #...#
....#.# .... ...#.#.#
...#.#.#


You could see an ogre.

Vanquished Creatures
  Sigmund (D:3)
  A scorpion (D:4)
  A hound (D:3)
  An orc priest (D:3)
  A giant frog skeleton (D:4)
  A hound skeleton (D:4)
  3 adders
  2 worms
  2 giant geckos
  7 orcs
  A bat zombie (D:3)
  5 giant cockroaches
  11 goblins
  15 hobgoblins
  10 jackals
  2 quokkas (D:3)
  A ball python (D:3)
  4 bats (D:1)
  3 giant newts
  8 kobolds
  6 rats
  A rat zombie (D:3)
87 creatures vanquished.

Notes
Turn   | Place    | Note
--------------------------------------------------------------
     0 | D:1      | Kloppie the Hill Orc Fighter began the quest for the Orb.
     0 | D:1      | Reached XP level 1. HP: 19/19 MP: 1/1
   236 | D:1      | Reached XP level 2. HP: 27/27 MP: 2/2
   285 | D:1      | Reached skill level 4 in Fighting
   444 | D:1      | Reached XP level 3. HP: 26/34 MP: 3/3
  1029 | D:2      | Reached XP level 4. HP: 33/41 MP: 4/4
  1190 | D:2      | Reached skill level 5 in Fighting
  1575 | D:3      | Noticed Sigmund
  1587 | D:3      | Killed Sigmund
  1587 | D:3      | Reached skill level 6 in Fighting
  1587 | D:3      | Reached XP level 5. HP: 40/50 MP: 5/5
  1587 | D:3      | Reached XP level 6. HP: 45/57 MP: 6/6
  1916 | D:3      | Found an ancient bone altar of Kikubaaqudgha.
  1995 | D:3      | Found a burning altar of Makhleb.
  2163 | D:3      | Found a burning altar of Makhleb.
  2163 | D:3      | Found a bloodstained altar of Trog.
  2542 | D:4      | Mangled by an ogre

Action                   |  1- 3 |  4- 6 || total
-------------------------+-------+-------++-------
Melee: War axe           |    93 |   185 ||   278
  Use: Potion            |       |     1 ||     1
  Eat: Chunk             |     1 |     4 ||     5
